 Dungeon Crawl Stone Soup version 0.21.1-1-g345015fe64 (webtiles) character file.

3352 Oravi the Transmogrifier (level 10, -2/76 HPs)
             Began as a Merfolk Transmuter on May 7, 2018.
             Was a Priest of Okawaru.
             Killed from afar by a wretched star (8 damage)
             ... with an orb of energy
             ... on level 2 of the Abyss.
             The game lasted 00:28:26 (8315 turns).

Oravi the Transmogrifier (Merfolk Transmuter)       Turns: 8315, Time: 00:28:26

Health: -2/76      AC:  2    Str:  7    XL:     10   Next: 3%
Magic:  4/12       EV: 27    Int: 11    God:    Okawaru [***...]
Gold:   0          SH:  0    Dex: 16    Spells: 6/20 levels left

rFire    . . .     SeeInvis .     - Unarmed
rCold    . . .     Gourm    .   (shield currently unavailable)
rNeg     . . .     Faith    .   (armour currently unavailable)
rPois    x         Spirit   .   (helmet currently unavailable)
rElec    .         Reflect  .   (cloak currently unavailable)
rCorr    .         Harm     .   (gloves currently unavailable)
MR       .....     Rnd*Rage +   (boots currently unavailable)
Stlth    +.........             (no amulet)
HPRegen  0.00/turn              (no ring)
MPRegen  0.13/turn              (no ring)

@: spider-form, very slightly contaminated
A: tiny, (change form in water), (swift swim), (stealthy swim), [berserk 2],
blurry vision 1, [clumsy 2], [deterioration 2], [dopey 2], [low mp 3],
[screaming 2], [inhibited regeneration], [weak 2], [subdued magic 3],
[MP-powered wands]
a: End Transformation, Heroism, Renounce Religion


You were on level 2 of the Abyss.
You worshipped Okawaru.
Okawaru was most pleased with you.
You were very hungry.
You were a venomous arachnid creature.
You visited 2 branches of the dungeon, and saw 9 of its levels.
You visited the Abyss 1 time.

Inventory:

Missiles
 a - 58 arrows
Armour
 b - a +0 robe (melded)
 f - a +0 helmet (melded)
 k - a +1 pair of boots (melded)
 p - a +0 cloak (melded)
Wands
 h - a wand of disintegration (4)
 u - a wand of paralysis (28)
 A - a wand of scattershot (4)
 C - a wand of flame (33)
Scrolls
 e - 4 scrolls of teleportation
 j - a scroll of magic mapping
 m - 2 scrolls of enchant weapon
 n - 2 scrolls of fog
 t - 4 scrolls of remove curse
 v - 2 scrolls of enchant armour
 w - 3 scrolls of fear
 x - 6 scrolls of identify
 y - a scroll of holy word
Potions
 g - 2 potions of resistance
 i - 2 potions of lignification
 l - 2 potions of brilliance
 o - 4 potions of haste
 r - a potion of agility
 s - 2 potions of heal wounds
 z - 2 potions of curing
Books
 c - a book of Changes

   Spells                             Type                      Level
   a - Beastly Appendage              Transmutation                1
   b - Sticks to Snakes               Transmutation                2
   c - Spider Form                    Transmutation/Poison         3
   d - Ice Form                       Ice/Transmutation            4
   e - Blade Hands                    Transmutation                5
 q - a book of Fire

   Spells                             Type                      Level
   a - Ignite Poison                  Fire/Transmutation/Poison    3
   b - Fireball                       Conjuration/Fire             5
   c - Bolt of Fire                   Conjuration/Fire             6
   d - Ring of Flames                 Charms/Fire                  7
   e - Ignition                       Fire                         8
 B - a book of Callings

   Spells                             Type                      Level
   a - Summon Small Mammal            Summoning                    1
   b - Call Imp                       Summoning                    2
   c - Call Canine Familiar           Summoning                    3
   d - Summon Guardian Golem          Hexes/Summoning              3
   e - Summon Lightning Spire         Summoning/Air                4
   f - Summon Ice Beast               Ice/Summoning                4
Comestibles
 d - 17 rations


   Skills:
 + Level 6.3 Fighting
 + Level 8.0 Dodging
 + Level 7.7 Unarmed Combat
 + Level 5.6 Spellcasting
 + Level 8.7 Transmutations
 + Level 1.4 Ice Magic
 - Level 3.0 Poison Magic


You had 6 spell levels left.
You knew the following spells:

 Your Spells              Type           Power        Failure   Level  Hunger
a - Spider Form           Tmut/Pois      #.........   9%          3    ###....
b - Sticks to Snakes      Tmut           ##......     1%          2    ##.....
c - Ice Form              Ice/Tmut       #.......     32%         4    ####...
d - Blade Hands           Tmut           ##........   22%         5    ######.


Dungeon Overview and Level Annotations

Branches:
Dungeon (8/15)             Temple (1/1) D:4            Lair (0/6) D:8

Altars:
Ashenzari
Cheibriados
Dithmenos
Elyvilon
Fedhas
Hepliaklqana
Kikubaaqudgha
Nemelex Xobeh
Okawaru
Qazlal
Ru
Sif Muna
Trog
Uskayaw
Wu Jian
Yredelemnul
Zin
The Shining One

Annotations:
D:4 Tegun's ghost, amateur OgHu
D:6 1 runed door
D:8 Maurice


Innate Abilities, Weirdness & Mutations

((You revert to your normal form in water.))
((You are very nimble and swift while swimming.))
((You are very stealthy in the water. (Stealth+)))
((You are partially covered in large bone plates. (SH +4)))
Scrolls take you a little longer to read.
[You often lose your temper in combat.]
[You are very clumsy. (Dex -4)]
[((Armour fits poorly on your strangely shaped body.))]
[Your body often deteriorates upon taking damage.]
[You are very dopey. (Int -4)]
[Your magical capacity is extremely low. (-30% MP)]
[You sometimes yell uncontrollably at your foes.]
[You do not regenerate when monsters are visible.]
[You are very weak. (Str -4)]
[Your spells are much easier to cast, but much less powerful.]
[You expend magic power (3 MP) to strengthen your wands.]


Message History

You hit the wretched star but do no damage.
The wretched star is heavily damaged.
The wretched star pulses with an eldritch light!
You feel stupid. x2
You hit the wretched star.
The wretched star is heavily damaged.
Your attacks no longer feel as feeble.
You hit the wretched star but do no damage.
The wretched star is heavily damaged.
The wretched star glows turbulently.
The orb of energy misses you.
You bite the wretched star!
The wretched star is severely damaged.
You hit the wretched star but do no damage.
The wretched star is severely damaged.
You barely miss the wretched star.
The wretched star is severely damaged.
The wretched star glows turbulently.
The orb of energy hits you!
You die...

.#... .#.... .. # ..
.... ............ ...
. # ...... . ....... .
.... ........
........... . #.... #
....# . .#. .#
##...###...## .. ###
.# ..#.....#.....#....
# ..#
......................
. # ........s*...(.. .
.... #
..................
.... ##
..###..#.##........# .
#:#.#..##....### # .
##..#.## ##..# ## #
##... ....# . #.##
...#.# . . .#.. . # ..
#.# #. .


You could see a wretched star.

Vanquished Creatures
  Pikel (D:7)
  Psyche (D:8)
  A hippogriff (D:7)
  Menkaure (D:6)
  A sky beast (D:6)
  An ice beast (D:5)
  4 slaves (D:6)
  An ogre (D:8)
  A phantom (D:6)
  A crocodile (D:7)
  2 centaurs
  4 bullfrogs
  2 scorpions (D:4)
  5 crimson imps
  5 hounds
  A quasit (D:5)
  2 jellies
  5 orc wizards
  4 centaur skeletons
  An orc priest (D:7)
  3 worker ants
  4 bullfrog skeletons
  Terence (D:2)
  2 iguanas
  A hound skeleton (D:6)
  Robin (D:3)
  12 gnolls
  12 adders
  2 oozes
  2 adder skeletons
  5 worms
  3 dart slugs
  4 leopard geckos
  20 orcs
  15 bats
  5 giant cockroaches
  17 goblins
  10 hobgoblins
  2 quokkas
  5 frilled lizards
  A giant cockroach zombie (D:6)
  A jackal skeleton (D:5)
  11 kobolds
  A leopard gecko skeleton (D:4)
  8 rats
192 creatures vanquished.

Vanquished Creatures (others)
  26 fungi (D:8)
  20 plants (D:8)
46 creatures vanquished.

Grand Total: 238 creatures vanquished

Notes
Turn   | Place    | Note
-------+----------+-------------------------------------------
     0 | D:1      | Oravi the Merfolk Transmuter began the quest for the Orb.
     0 | D:1      | Reached XP level 1. HP: 15/15 MP: 3/3
   249 | D:1      | Reached XP level 2. HP: 10/21 MP: 3/5
   651 | D:1      | Reached XP level 3. HP: 24/26 MP: 6/6
   655 | D:1      | Learned a level 2 spell: Sticks to Snakes
   659 | D:1      | Learned a level 3 spell: Spider Form
   927 | D:2      | Noticed Terence
   935 | D:2      | Killed Terence
   935 | D:2      | Reached skill level 1 in Poison Magic
   935 | D:2      | Reached XP level 4. HP: 23/32 MP: 1/7
  1262 | D:2      | Reached XP level 5. HP: 29/37 MP: 1/8
  2077 | D:3      | Gained mutation: Scrolls take you a little longer to read. [potion of mutation]
  2077 | D:3      | Gained mutation: You are partially covered in large bone plates. (SH +4) [potion of mutation]
  2324 | D:3      | Noticed Robin
  2333 | D:3      | Killed Robin
  2916 | D:4      | Reached XP level 6. HP: 41/44 MP: 7/9
  2971 | D:4      | Reached skill level 5 in Transmutations
  3336 | D:4      | Noticed Tegun's ghost (amateur OgHu)
  3434 | D:4      | Found a staircase to the Ecumenical Temple.
  3438 | D:4      | Reached skill level 5 in Unarmed Combat
  3447 | Temple   | Entered the Ecumenical Temple
  3623 | Temple   | Became a worshipper of Warmaster Okawaru
  3742 | D:4      | Reached XP level 7. HP: 43/51 MP: 7/11
  4011 | D:5      | Entered Level 5 of the Dungeon
  4323 | D:5      | Reached * piety under Okawaru
  4571 | D:5      | Reached XP level 8. HP: 26/58 MP: 10/13
  4791 | D:5      | Reached skill level 5 in Dodging
  5186 | D:6      | Noticed Menkaure
  5219 | D:6      | Killed Menkaure
  5474 | D:6      | Learned a level 4 spell: Ice Form
  5480 | D:6      | Learned a level 5 spell: Blade Hands
  5491 | D:6      | Reached ** piety under Okawaru
  5617 | D:6      | Found a white marble altar of Elyvilon.
  6177 | D:6      | Reached XP level 9. HP: 45/67 MP: 12/15
  6391 | D:6      | Found a runed door.
  6640 | D:7      | Noticed Pikel
  6826 | D:7      | Killed Pikel
  6826 | D:7      | Reached skill level 5 in Fighting
  7101 | D:7      | Reached *** piety under Okawaru
  7101 | D:7      | Reached skill level 5 in Spellcasting
  7536 | D:7      | Found a bloodstained altar of Trog.
  7536 | D:7      | Found a stormy altar of Qazlal.
  7541 | D:7      | Found a faded altar of an unknown god.
  7543 | D:7      | Found a faded altar of an unknown god.
  7545 | D:7      | Found a sacrificial altar of Ru.
  8167 | D:8      | Noticed Psyche
  8170 | D:8      | Noticed Maurice
  8172 | D:8      | Noticed a two-headed ogre
  8176 | D:8      | Killed Psyche
  8176 | D:8      | Reached skill level 1 in Ice Magic
  8176 | D:8      | Reached XP level 10. HP: 69/76 MP: 15/18
  8205 | D:8      | Cast into level 2 of the Abyss (Maurice)
  8273 | Abyss:2  | Noticed a wretched star
  8315 | Abyss:2  | Killed from afar by a wretched star

Skill      XL: |  1  2  3  4  5  6  7  8  9 |
---------------+----------------------------+-----
Transmutations | 3 4 5 6 7 8 |  8.7
Unarmed Combat | 4 5 6 7 |  7.7
Poison Magic   | 1 2 3 |  3.0
Dodging        | 3 4 6 8 |  8.0
Fighting       | 2 3 4 6 |  6.3
Spellcasting   | 3 4 5 |  5.6
Ice Magic      | 1 |  1.4

Action                   |  1- 3 |  4- 6 |  7- 9 | 10-12 || total
-------------------------+-------+-------+-------+-------++-------
Melee: Unarmed           |    96 |   222 |   395 |    25 ||   738
       Headbutt          |     8 |       |       |       ||     8
       Punch             |     1 |     3 |       |       ||     4
 Cast: Beastly Appendage |    12 |       |       |       ||    12
       Spider Form       |     4 |    34 |    50 |     1 ||    89
Invok: Heroism           |       |       |       |     1 ||     1
  Use: Scroll            |       |    13 |     4 |       ||    17
       Potion            |       |     1 |       |     2 ||     3
 Stab: Sleeping          |     2 |     2 |       |       ||     4
  Eat: Chunk             |     1 |    14 |    19 |       ||    34
Armor: Robe              |    17 |    12 |       |     1 ||    30
       Skin              |     1 |    14 |    13 |       ||    28
Dodge: Dodged            |    70 |   229 |   360 |    19 ||   678
Block: Other             |       |     3 |     1 |       ||     4
